 Dungeon Crawl Stone Soup version 0.29.0-3-gbb0933ed62 (webtiles) character file.

Game seed: 16810425930197931735

13888 DemonSlayer the Thaumaturge (level 11, -1/77 HPs)
             Began as a Demonspawn Fire Elementalist on Aug 25, 2022.
             Slain by a black mamba (17 damage)
             ... on level 1 of the Lair of Beasts.
             The game lasted 00:38:34 (17464 turns).

DemonSlayer the Thaumaturge (DsFE)                 Turns: 17464, Time: 00:38:35

Health: -1/77      AC:  7    Str:  9    XL:     11   Next: 81%
Magic:  15/25      EV: 13    Int: 31    God:
Gold:   882        SH:  0    Dex: 13    Spells: 1/30 levels left

rFire   + . .      SeeInvis .   h - +2 war axe
rCold   . . .      Faith    .   (no shield)
rNeg    . . .      Spirit   .   D - +0 robe {rF+}
rPois   +          Reflect  .   C - +0 helmet
rElec   .          Harm     .   F - +2 cloak
rCorr   .          Rampage  .   (no gloves)
Will    .....                   e - +0 pair of boots
Stlth   ++++......              L - amulet of regeneration
HPRegen 1.02/turn               n - +6 ring of intelligence
MPRegen 0.19/turn               u - ring of poison resistance

@: hasted, very quick
A: hooves 2, demonic guardian 1, big brain 2, demonic magic 2
a: no special abilities


You were on level 1 of the Lair of Beasts.
You visited 3 branches of the dungeon, and saw 13 of its levels.
You also visited: Ossuary.

You collected 927 gold pieces.
You spent 45 gold pieces at shops.

Inventory:

Hand Weapons
 h - a +2 war axe (weapon)
Missiles
 b - a throwing net
 c - 5 datura-tipped darts
 l - 7 silver javelins
 y - 2 atropa-tipped darts
 H - a curare-tipped dart
 T - 2 silver boomerangs
Armour
 e - a +0 pair of boots (worn)
 p - a +0 scale mail of fire resistance
 C - a +0 helmet (worn)
 D - a +0 robe of fire resistance (worn)
 F - a +2 cloak (worn)
 S - an orb of wrath
Jewellery
 n - a +6 ring of intelligence (left hand)
 o - a ring of positive energy
 u - a ring of poison resistance (right hand)
 z - a ring of flight
 E - a ring of positive energy
 L - an amulet of regeneration (around neck)
 V - the amulet of Sin {RegenMP rPois Str+4}
   (You found it on level 2 of the Lair of Beasts)

   [amulet of magic regeneration]

   It increases your rate of magic regeneration.
   Str:       It affects your strength (+4).
   rPois:     It protects you from poison.
Wands
 g - a wand of iceblast (31)
 k - a wand of quicksilver (9)
 x - a wand of flame (24)
 B - a wand of paralysis (5)
 U - a wand of mindburst (2)
Scrolls
 d - a scroll of identify
 j - 3 scrolls of fear
 m - 3 scrolls of torment
 s - 3 scrolls of teleportation
 t - 4 scrolls of fog
 A - a scroll of silence
 G - 2 scrolls of immolation
 J - a scroll of vulnerability
 N - 2 scrolls of amnesia
 O - a scroll of summoning
 P - a scroll of poison
 Q - a scroll of magic mapping
Potions
 a - 10 potions of brilliance
 f - a potion of attraction
 q - 2 potions of flight
 r - 5 potions of curing
 w - a potion of ambrosia
 I - a potion of mutation
 K - 2 potions of magic
 M - 2 potions of lignification
Miscellaneous
 R - a phantom mirror


   Skills:
 + Level 4.0 Fighting
 + Level 5.7 Axes
 + Level 2.2 Throwing
 + Level 4.0 Dodging
 + Level 7.6 Stealth
 + Level 10.1 Spellcasting
 + Level 4.5 Conjurations
 + Level 8.8 Fire Magic
 + Level 0.2 Ice Magic
 + Level 3.3 Earth Magic
 + Level 0.7 Evocations


You had one spell level left.
You knew the following spells:

 Your Spells              Type           Power      Damage    Failure   Level
a - Foxfire               Conj/Fire      100%       2x1d9     1%          1
b - Scorch                Fire           100%       2d10      1%          2
c - Conjure Flame         Conj/Fire      55%        6-21      1%          3
d - Flame Wave            Conj/Fire      55%        2d13      1%          4
e - Stone Arrow           Conj/Erth      78%        3d11      1%          3
f - Frozen Ramparts       Ice            34%        1d6       9%          3
g - Teleport Other        Tloc           15%        N/A       10%         3
h - Hailstorm             Conj/Ice       30%        3d8       12%         4
i - Summon Guardian Gole  Hex/Summ       15%        N/A       10%         3
j - Call Canine Familiar  Summ           15%        N/A       10%         3

Your spell library contained the following spells:

 Spells                   Type           Power      Damage    Failure   Level
 Sandblast                Erth           72%        2d16      1%          1
 Apportation              Tloc           30%        N/A       3%          1
 Freeze                   Ice            68%        1d8       3%          1
 Summon Small Mammal      Summ           60%        N/A       3%          1
 Inner Flame              Hex/Fire       43%        N/A       1%          3
 Passwall                 Tmut/Erth      20%        N/A       2%          2
 Gell's Gravitas          Tloc           15%        N/A       10%         3
 Lesser Beckoning         Tloc           15%        N/A       10%         3
 Alistair's Intoxication  Tmut/Pois      10%        N/A       65%         5


Dungeon Overview and Level Annotations

Branches:
Dungeon (9/15)             Temple (1/1) D:6            Lair (3/5) D:9
  Swamp (0/4) Lair:3          Orc (0/2) D:9         Ossuary (visited)
  Snake: Lair:2-3    Spider: Lair:2-3

Altars:
Ashenzari
Cheibriados
Fedhas
Gozag
Hepliaklqana
Kikubaaqudgha
Makhleb
Nemelex Xobeh
Ru
Sif Muna
Trog
Uskayaw
Vehumet
Wu Jian
Xom
Yredelemnul

Shops:
D:5 *:=

Annotations:
D:8 Amaemon


Innate Abilities, Weirdness & Mutations

You have hoof-like feet.
A weak demonic guardian rushes to your aid.
You have an extremely huge brain. (Int +4)
Spells you cast may paralyse nearby enemies.


Message History

The catoblepas is lightly wounded.
The flame wave engulfs the bullfrog!
The bullfrog is severely wounded.
The flame wave engulfs the cane toad!
You kill the cane toad! (Press . to intensify the flame waves.) Malevolent energies surge around you.
You hear a loud, deep croak!
You hear an angry hiss. x2
You hear a loud, deep croak!
You hear a croak.
The wall freezes the bullfrog.
The bullfrog misses you.
The wall freezes the black mamba.
The black mamba seems to slow down.
The wall freezes the bullfrog.
The bullfrog misses you.
The wall freezes the catoblepas but does no damage.
The catoblepas gores you.
The wall freezes the black mamba.
Your frozen ramparts will break if you move.
Continue?
The catoblepas attacks as you move away!
The catoblepas gores you! The bullfrog attacks as you move away!
The bullfrog barely misses you.
The frozen ramparts melt away as you move.
There is a stone staircase leading up here.
The bullfrog hits you but does no damage.
The black mamba bites you!
You climb upwards.
There is a stone staircase leading down here.
You feel better.
The bullfrog hits you but does no damage.
The black mamba bites you! The bullfrog hits you.
You feel better.
The black mamba is no longer moving slowly.
The black mamba bites you! The bullfrog hits you.
* * * LOW HITPOINT WARNING * * *
You feel yourself speed up. The black mamba closely misses you.
The bullfrog hits you but does no damage.
The black mamba bites you!
* * * LOW HITPOINT WARNING * * *
A demonic guardian appears!
The bullfrog closely misses you.
You swap places.
The bullfrog closely misses you.
Your ufetubus barely misses the bullfrog. x2
The black mamba bites you!
You die...

##.....##...)..##....########.
#.....###......###...# ### #.
####.....###......# #...###.####.
#....##.##...##..## #....##......
#...######...##### #...###......
#...###.##...########...##.......
#.............5.....######.......
###.............F....# #........
###............S@....#####.......
.......#.#####.........# ###....#
........## #.........# ##...#
.......## #.........# #....#
##############.........# ##...#
###.#P##.........######...#
#.................##>...... ###
#................##........ ..#
#..........................


You could see a black mamba, a bullfrog (ally target) and a friendly ufetubus
(summoned).

Vanquished Creatures
  Pikel (D:5)
  3 black mambas (Lair:2)
  Joseph (D:8)
  A torpor snail (Lair:2)
  5 cane toads
  2 rime drakes (Lair:2)
  A komodo dragon (Lair:2)
  2 polar bears (Lair:2)
  4 blink frogs
  Grinder (D:3)
  2 dream sheep (Lair:2)
  9 yaks
  4 wyverns
  Eustachio (D:6)
  A steam dragon (D:9)
  A basilisk (Lair:2)
  4 vampire mosquitoes (Lair:3)
  Menkaure (D:4)
  3 water moccasins
  Duvessa (D:4)
  2 hornet zombies (Ossuary)
  An orc warrior (D:9)
  2 black bears
  3 ice beasts
  5 wolves (Lair:2)
  An ogre (D:6)
  A phantom (D:5)
  2 lemures (D:5)
  3 kobold brigands
  Blork the orc (D:6)
  8 bullfrogs
  2 necrophages
  4 scorpions
  Dowan (D:4)
  3 killer bees (D:7)
  7 bullfrog zombies (Ossuary)
  3 centaur zombies (Ossuary)
  2 orc priests
  3 hounds
  3 jellies
  Crazy Yiuf (D:6)
  5 iguanas
  2 orc wizards
  8 mummies (Ossuary)
  2 howler monkey zombies (Ossuary)
  Robin (D:2)
  3 gnolls (D:5)
  7 adders
  5 river rats (Lair:2)
  A shadow imp (D:7)
  A white imp (D:7)
  An ufetubus (D:6)
  2 worms
  2 dart slugs
  30 orcs
  6 ball pythons
  7 bats
  2 endoplasms (D:1)
  2 giant cockroaches
  15 goblins
  8 hobgoblins
  9 jackals
  4 quokkas
  3 frilled lizards
  17 kobolds
  5 rats
254 creatures vanquished.

Vanquished Creatures (collateral kills)
  A dream sheep (Lair:2)
  2 yaks
  2 hell rats (Lair:2)
  2 river rats (Lair:2)
7 creatures vanquished.

Vanquished Creatures (others)
  2 yaks (D:9)
  An orc (D:9)
  A jackal (D:4)
  A quokka (D:4)
  85 foxfires
  7 fungi
  37 plants
  6 withered plants (Ossuary)
140 creatures vanquished.

Grand Total: 401 creatures vanquished

Notes
Turn   | Place    | Note
-------+----------+-------------------------------------------
     0 | D:1      | DemonSlayer the Demonspawn Fire Elementalist began the
                  | quest for the Orb.
     0 | D:1      | Reached XP level 1. HP: 13/13 MP: 3/3
   103 | D:1      | Found a faded altar of an unknown god.
   462 | D:1      | Gained mutation: You have an unusually large brain. (Int
                  | +2) [demonic ancestry]
   462 | D:1      | Reached XP level 2. HP: 19/19 MP: 0/5
   465 | D:1      | Learned a level 2 spell: Scorch
  1143 | D:2      | Noticed Robin
  1738 | D:3      | Reached XP level 3. HP: 24/24 MP: 1/6
  1857 | D:3      | Noticed Grinder
  1887 | D:3      | Killed Grinder
  1888 | D:3      | Reached skill level 1 in Axes
  1888 | D:3      | Reached skill level 3 in Spellcasting
  1888 | D:3      | Reached XP level 4. HP: 20/31 MP: 1/8
  1888 | D:3      | Reached XP level 5. HP: 23/36 MP: 1/9
  2005 | D:3      | Found a basalt altar of Yredelemnul.
  2591 | D:3      | Learned a level 3 spell: Conjure Flame
  2596 | D:3      | Learned a level 4 spell: Flame Wave
  3101 | D:2      | Killed Robin
  3102 | D:2      | Gained mutation: You have large cloven feet. [demonic
                  | ancestry]
  3102 | D:2      | Reached XP level 6. HP: 42/42 MP: 1/11
  4368 | D:4      | Found a burning altar of Makhleb.
  4370 | D:4      | Noticed Menkaure
  4827 | D:4      | Noticed Duvessa
  4913 | D:5      | Entered Level 5 of the Dungeon
  4915 | D:5      | Noticed Pikel
  4933 | D:5      | Found Keemire's Book Shoppe.
  5423 | D:5      | Reached skill level 4 in Spellcasting
  6006 | D:5      | Found Eclofiw's General Store.
  6014 | D:5      | Bought a +0 war axe for 45 gold pieces
  6039 | D:5      | Gained mutation: Spells you cast may paralyse adjacent
                  | enemies. [demonic ancestry]
  6039 | D:5      | Reached XP level 7. HP: 41/47 MP: 6/13
  6092 | D:5      | Reached skill level 5 in Fire Magic
  6536 | D:5      | Killed Pikel
  6537 | D:5      | Reached skill level 1 in Fighting
  6537 | D:5      | Reached skill level 1 in Throwing
  6537 | D:5      | Reached skill level 5 in Spellcasting
  6537 | D:5      | Gained mutation: You have hoof-like feet. [demonic
                  | ancestry]
  6537 | D:5      | Reached XP level 8. HP: 34/54 MP: 14/16
  6671 | D:5      | Found a hide-covered altar of Uskayaw.
  6869 | D:5      | Found a shimmering altar of Xom.
  7112 | D:5      | Found Vair's Armour Boutique.
  7162 | D:5      | Found Zaipun's Jewellery Shop.
  7315 | D:5      | Learned a level 3 spell: Stone Arrow
  7319 | D:5      | Learned a level 3 spell: Frozen Ramparts
  7348 | D:4      | Noticed Dowan
  7350 | D:4      | Killed Dowan
  7381 | D:4      | Killed Duvessa
  7500 | D:4      | Reached skill level 6 in Spellcasting
  7549 | D:4      | Found a snail-covered altar of Cheibriados.
  7632 | D:4      | Killed Menkaure
  7986 | D:4      | Found an opulent altar of Gozag.
  8043 | D:4      | Learned a level 3 spell: Teleport Other
  8119 | D:6      | Gained mutation: A weak demonic guardian rushes to your
                  | aid. [demonic ancestry]
  8119 | D:6      | Reached XP level 9. HP: 59/59 MP: 11/18
  8216 | D:6      | Found a staircase to the Ecumenical Temple.
  8239 | D:6      | Noticed Eustachio
  8249 | D:6      | Killed Eustachio
  8290 | Temple   | Entered the Ecumenical Temple
  8649 | D:6      | Reached skill level 5 in Stealth
  8894 | D:6      | Reached skill level 7 in Spellcasting
  9232 | D:6      | Noticed Blork the orc
  9239 | D:6      | Killed Blork the orc
  9424 | D:6      | Found a runed translucent door.
  9425 | D:6      | Noticed Crazy Yiuf
  9431 | D:6      | Killed Crazy Yiuf
 10900 | D:7      | Learned a level 4 spell: Hailstorm
 10927 | D:8      | Noticed Joseph
 11227 | D:8      | Found a sand-covered staircase.
 11234 | D:8      | Reached skill level 1 in Earth Magic
 11243 | Ossuary  | Entered an ossuary
 11288 | Ossuary  | Reached skill level 8 in Spellcasting
 11432 | Ossuary  | Gained mutation: You have an extremely huge brain. (Int +4)
                  | [demonic ancestry]
 11432 | Ossuary  | Reached XP level 10. HP: 63/68 MP: 12/22
 12129 | D:8      | Killed Joseph
 12602 | D:8      | Noticed Amaemon
 12656 | D:9      | Found a staircase to the Lair.
 12704 | D:9      | Found a broken altar of Ashenzari.
 13091 | D:9      | Reached skill level 9 in Spellcasting
 13444 | D:9      | Found a staircase to the Orcish Mines.
 13540 | Lair:1   | Entered Level 1 of the Lair of Beasts
 14414 | Lair:1   | Gained mutation: Spells you cast may paralyse nearby
                  | enemies. [demonic ancestry]
 14414 | Lair:1   | Reached XP level 11. HP: 75/75 MP: 19/24
 15969 | Lair:2   | Learned a level 3 spell: Summon Guardian Golem
 15973 | Lair:2   | Learned a level 3 spell: Call Canine Familiar
 15989 | Lair:2   | Reached skill level 5 in Axes
 16246 | Lair:2   | Identified the amulet of Sin {RegenMP rPois Str+4}
 16891 | Lair:2   | Noticed a catoblepas
 16891 | Lair:2   | Noticed a seven-headed hydra
 17061 | Lair:3   | Found a staircase to the Swamp.
 17065 | Lair:3   | Reached skill level 10 in Spellcasting
 17317 | Lair:3   | Noticed a five-headed hydra
 17434 | Lair:3   | Noticed a death yak
 17434 | Lair:3   | Noticed a death yak
 17436 | Lair:3   | Noticed a death yak
 17464 | Lair:1   | Slain by a black mamba

Illustrated notes

Levels and vault maps discovered:
D:1:      dpeg_arrival_shrine, layout_basic, shapermc_ecumenical_altar_ellora
D:2:      layout_loops_ring, nrook_uturn, minmay_misc_feat_square,
          minmay_ruptured, uniq_robin
D:3:      layout_basic, mainiacjoe_overflow_alcove_1, serial_corexii_hall,
          chequers_hall_statues_wall_a, corexii_hall_statues_deadend,
          corexii_hall_statues_s, kennysheep_doodads, grunt_ministairs_7,
          chequers_serial_rivers_room_a, uniq_grinder
D:4:      layout_rooms, mainiacjoe_overflow_chevrons, lemuel_doored_altar,
          elyvilon_altar_4, chequers_temple_overflow_statue_of_worship,
          grunt_ministairs_7, uniq_menkaure, uniq_duvessa
D:5:      layout_loops_ring, mainiacjoe_overflow_brackets,
          eat_drink_and_be_merry_uskayaw, serial_shops, shop_fountains, shop,
          shop, kennysheep_little_box, chequers_serial_rivers_room_b, uniq_pikel
D:6:      layout_basic, minmay_temple_entry_antechambers, serial_glass,
          glass_columns_b, glass_columns_b, glass_columns_a, glass_columns_c,
          glass_columns_c, glass_columns_c, glass_columns_b, glass_columns_a,
          chequers_serial_rivers_large_b, uniq_crazy_yiuf_cottage,
          uniq_eustachio, uniq_blork_the_orc
D:7:      layout_basic
D:8:      layout_loops_cross, nicolae_qazlal_style_of_elements,
          okawaru_altar_gauntlet_db, enter_ossuary_1, serial_aquarium,
          aquarium_bridge_long_joined [aquarium_subvault_wall,
          aquarium_subvault_wall, aquarium_subvault_bridge,
          aquarium_subvault_bridge, aquarium_subvault_wall,
          aquarium_subvault_wall], aquarium_bridge_straight
          [aquarium_subvault_bridge, aquarium_subvault_wall,
          aquarium_subvault_bridge, aquarium_subvault_wall],
          aquarium_window_corner, aquarium_window_corner, aquarium_window_2,
          aquarium_window_1, aquarium_view_2b, aquarium_view_2b,
          aquarium_pool_corner, uniq_amaemon, uniq_joseph
D:9:      layout_loops_ring, lemuel_round_altar, lair_entry_dummy,
          hiddenorc1_lemuel, dreamdust_wishing_well, kennysheep_generic_room_11
Temple:   zaba_magenta_temple
Lair:1:   layout_cellular_growth, serial_bayou_shore_a
Lair:2:   nzn_winding_woodlands_stair_cross
          [nzn_winding_woodlands_5x15_lazy_stream,
          nzn_winding_woodlands_center_diamonds,
          nzn_winding_woodlands_5x15_parted,
          nzn_winding_woodlands_5x5_perimeter, nzn_winding_woodlands_5x5_three,
          nzn_winding_woodlands_5x15_split_checker,
          nzn_winding_woodlands_center_garden,
          nzn_winding_woodlands_5x15_concentric], layout_regular_city,
          fungi_pond_lemuel, kennysheep_rathole
Lair:3:   layout_regular_city, minmay_swamp_entry_swarm, dummy_snake_entry,
          uniq_josephine

Skill      XL: |  1  2  3  4  5  6  7  8  9 10 11 |
---------------+----------------------------------+-----
Fire Magic     | 3 4 5 6 7 8 |  8.8
Stealth        | 2 3 4 5 6 7 |  7.6
Axes           | 1 2 3 4 5 |  5.7
Dodging        | 2 3 4 |  4.0
Spellcasting   | 3 4 5 6 8 9 10 | 10.1
Fighting       | 1 2 3 4 |  4.0
Throwing       | 1 2 |  2.2
Conjurations   | 2 4 |  4.5
Earth Magic    | 1 3 |  3.3
Ice Magic      | |  0.2
Evocations     | |  0.7

Action                   |  1- 3 |  4- 6 |  7- 9 | 10-12 || total
-------------------------+-------+-------+-------+-------++-------
Melee: Hand axe          |    22 |    61 |       |       ||    83
       War axe           |       |       |    79 |   111 ||   190
       Punch             |       |       |     1 |     2 ||     3
Throw: Javelin           |     2 |       |    12 |     1 ||    15
       Dart              |       |       |     2 |     7 ||     9
       Throwing net      |       |       |       |     1 ||     1
 Cast: Foxfire           |    49 |       |     1 |     1 ||    51
       Scorch            |     9 |    69 |   112 |    81 ||   271
       Conjure Flame     |       |       |     1 |     5 ||     6
       Stone Arrow       |       |       |    34 |    94 ||   128
       Flame Wave        |       |       |     1 |     2 ||     3
       Frozen Ramparts   |       |       |       |     2 ||     2
Evoke: Wand              |       |       |     3 |       ||     3
  Use: Potion            |     3 |     1 |     5 |    12 ||    21
       Scroll            |       |     9 |    10 |     5 ||    24
 Stab: Sleeping          |       |     1 |       |     1 ||     2
       Paralysed         |       |       |    17 |    32 ||    49
       Invisible         |       |       |       |     3 ||     3
Armor: Robe              |    10 |    17 |    27 |    58 ||   112
Dodge: Dodged            |    27 |    93 |    42 |   125 ||   287
